 Dungeon Crawl Stone Soup version 0.27.1-2-g3b301248ec (webtiles) character file.

Game seed: 14429769143583724600

2331 pkoi the Carver (level 9, -3/81 HPs)
             Began as a Minotaur Monk on Sept 28, 2021.
             Was a Priest of Dithmenos.
             Slain by an orc warrior (16 damage)
             ... on level 7 of the Dungeon.
             The game lasted 00:07:27 (8861 turns).

pkoi the Carver (Minotaur Monk)                     Turns: 8861, Time: 00:07:28

Health: -3/81      AC: 15    Str: 19    XL:     9   Next: 19%
Magic:  8/8        EV:  7    Int:  7    God:    Dithmenos [***...]
Gold:   348        SH:  0    Dex: 13    Spells: 8/8 levels left

rFire    . . .     SeeInvis .   a - +0 falchion (flame)
rCold    . . .     Faith    .   (no shield)
rNeg     . . .     Spirit   .   t - +1 plate armour
rPois    .         Reflect  .   (helmet restricted)
rElec    .         Harm     .   (no cloak)
rCorr    .         Rampage  .   u - +0 pair of gloves
Will     .....                  (no boots)
Stlth    ..........             (no amulet)
HPRegen  0.23/turn              c - ring of wizardry
MPRegen  0.11/turn              g - ring of flight

@: mighty, flying, wreathed by umbra
A: horns 2, retaliatory headbutt
a: Renounce Religion, Shadow Step


You were on level 7 of the Dungeon.
You worshipped Dithmenos.
Dithmenos was most pleased with you.
You visited 1 branch of the dungeon, and saw 7 of its levels.

You collected 348 gold pieces.

Inventory:

Hand Weapons
 a - a +0 falchion of flaming (weapon)
 b - a +0 shortbow
Missiles
 e - 7 silver javelins
 l - 6 javelins (quivered)
 z - 131 arrows
Armour
 t - a +1 plate armour (worn)
 u - a +0 pair of gloves (worn)
 v - a +2 scale mail of fire resistance
Jewellery
 c - a ring of wizardry (left hand)
 g - a ring of flight (right hand)
Wands
 p - a wand of flame (12)
 s - a wand of acid (7)
Scrolls
 f - 2 scrolls of magic mapping
 h - a scroll of identify
 m - a scroll of enchant armour
 r - 2 scrolls of teleportation
 A - 3 scrolls of amnesia
Potions
 d - a potion of brilliance
 i - a potion of might
 j - a potion of cancellation
 k - 3 potions of curing
 n - 2 potions of resistance
 q - a potion of invisibility
 w - a potion of berserk rage {unknown}
 x - a potion of haste {unknown}


   Skills:
 + Level 8.2 Fighting
 * Level 10.8 Long Blades
 + Level 1.6 Bows
 + Level 7.1 Armour
 - Level 3.2 Dodging
 - Level 1.5 Stealth


You had 8 spell levels left.
You didn't know any spells.
Your spell library contained the following spells:

 Spells                   Type           Power      Damage    Failure   Level
 Corpse Rot               Necr/Air       N/A        N/A       99%         2
 Poisonous Vapours        Pois/Air       0%         N/A       99%         2
 Freezing Cloud           Conj/Ice/Air   0%         6-21      100%        5


Dungeon Overview and Level Annotations

Branches:
Dungeon (7/15)             Temple (0/1) D:7

Altars:
Dithmenos
Sif Muna

Annotations:
D:7 2 runed translucent doors


Innate Abilities, Weirdness & Mutations

You have a pair of horns on your head.
You reflexively headbutt those who attack you in melee.


Message History

The orc warrior is moderately wounded.
The orc priest calls down the wrath of Beogh upon you.
Beogh smites you!
The orc warrior hits you with a +0 halberd!
You hit the orc warrior. You burn the orc warrior.
Your headbutt misses the orc warrior.
The orc warrior is severely wounded.
You closely miss the orc warrior.
The orc warrior is severely wounded.
The orc warrior hits you with a +0 halberd!
* * * LOW HITPOINT WARNING * * *
You barely miss the orc warrior.
The orc warrior is severely wounded.
The orc warrior hits you with a +0 halberd!
* * * LOW HITPOINT WARNING * * *
You closely miss the orc warrior. Your headbutt misses the orc warrior.
The orc warrior is severely wounded.
The orc priest looks encouraged for a moment.
The orc warrior hits you but does no damage.
You hit the orc warrior but do no damage.
The orc warrior is severely wounded.
Unknown command.
You hit the orc warrior but do no damage.
The orc warrior is severely wounded.
The orc priest mumbles some strange prayers to Beogh against you.
Beogh smites you!
* * * LOW HITPOINT WARNING * * *
The orc warrior hits you with a +0 halberd.
* * * LOW HITPOINT WARNING * * *
You feel much better.
The orc warrior hits you but does no damage.
You feel very mighty all of a sudden.
The orc warrior hits you but does no damage.
You barely miss the orc warrior.
The orc warrior is severely wounded.
The orc priest mumbles some strange prayers to Beogh against you.
Beogh smites you!
* * * LOW HITPOINT WARNING * * *
The orc warrior hits you with a +0 halberd!
You die...

#<# #..........# ###
..##..........#
..#...........##
#.#...####.....+
#.#...# #######
#o#...#########
#o#...##......#
#o#...##......#
####@#...##......#
#........##......#
#........##......#
#........##......####
#................'...
#.....#####......###.
#.....# #####......
#.....# #......
#.....# ##......


You could see an orc warrior, an orc priest and an orc.

Vanquished Creatures
  Grinder (D:4)
  A wraith (D:5)
  3 sky beasts
  A black bear (D:5)
  An orc warrior (D:4)
  A necrophage (D:5)
  2 centaurs
  A phantom (D:6)
  A kobold brigand (D:6)
  A bullfrog (D:7)
  A gnoll sergeant (D:5)
  A scorpion (D:6)
  A wyvern skeleton (D:7)
  4 wights (D:7)
  2 howler monkeys
  A bullfrog zombie (D:5)
  4 hounds
  A jelly (D:6)
  3 orc priests
  A centaur skeleton (D:6)
  3 iguanas
  4 orc wizards (D:7)
  3 gnolls (D:5)
  6 adders
  A shadow imp (D:5)
  A worm (D:3)
  A dart slug (D:3)
  14 orcs
  5 ball pythons
  6 endoplasms
  5 giant cockroaches
  4 goblins
  3 hobgoblins
  7 jackals
  A quokka (D:1)
  4 bats
  6 frilled lizards
  11 kobolds
  4 rats
121 creatures vanquished.

Vanquished Creatures (collateral kills)
  2 kobolds (D:6)
2 creatures vanquished.

Grand Total: 123 creatures vanquished

Notes
Turn   | Place    | Note
-------+----------+-------------------------------------------
     0 | D:1      | pkoi the Minotaur Monk began the quest for the Orb.
     0 | D:1      | Reached XP level 1. HP: 19/19 MP: 0/0
   195 | D:1      | Reached skill level 4 in Long Blades
   214 | D:1      | Reached XP level 2. HP: 25/27 MP: 1/1
   222 | D:1      | Reached skill level 1 in Armour
  1073 | D:1      | Found a faded altar of an unknown god.
  1239 | D:1      | Reached XP level 3. HP: 33/33 MP: 2/2
  2193 | D:3      | Reached XP level 4. HP: 41/41 MP: 3/3
  2217 | D:3      | Reached skill level 5 in Long Blades
  2710 | D:3      | Found a shadowy altar of Dithmenos.
  2733 | D:3      | Became a worshipper of Dithmenos the Shadowed
  2733 | D:3      | Reached * piety under Dithmenos
  2733 | D:3      | Reached ** piety under Dithmenos
  3474 | D:4      | Noticed a necrophage
  3475 | D:4      | Noticed an orc warrior
  3776 | D:4      | Reached XP level 5. HP: 41/47 MP: 4/4
  3996 | D:4      | Noticed Grinder
  4003 | D:4      | Paralysed by Grinder for 4 turns
  4009 | D:4      | Killed Grinder
  4010 | D:4      | Reached skill level 5 in Fighting
  4010 | D:4      | Reached skill level 6 in Long Blades
  4010 | D:4      | Reached XP level 6. HP: 4/56 MP: 5/5
  4285 | D:4      | Killed an orc warrior
  4286 | D:4      | Reached skill level 7 in Long Blades
  4295 | D:4      | Reached XP level 7. HP: 31/62 MP: 6/6
  5103 | D:5      | Entered Level 5 of the Dungeon
  5176 | D:5      | Found a shimmering blue altar of Sif Muna.
  5594 | D:5      | Reached skill level 8 in Long Blades
  5741 | D:5      | Reached skill level 5 in Armour
  5883 | D:5      | Reached XP level 8. HP: 71/71 MP: 7/7
  6022 | D:5      | Reached skill level 9 in Long Blades
  6947 | D:6      | Reached skill level 10 in Long Blades
  7762 | D:6      | Reached *** piety under Dithmenos
  8222 | D:7      | Reached XP level 9. HP: 60/79 MP: 8/8
  8413 | D:7      | Reached skill level 1 in Bows
  8597 | D:7      | Found a large runed translucent door.
  8597 | D:7      | Found a large runed translucent door.
  8823 | D:7      | Found a staircase to the Ecumenical Temple.
  8858 | D:7      | HP: 3/81 [orc warrior (6)]
  8861 | D:7      | Slain by an orc warrior

Illustrated notes

Levels and vault maps discovered:
D:1:      onia_arrival_mini_spirals, layout_basic,
          ebering_ecumenical_altar_petrified
D:2:      layout_rooms
D:3:      layout_basic, mainiacjoe_overflow_paths
D:4:      layout_loops_ring, hangedman_decor_slide_cut, uniq_grinder
D:5:      layout_basic, mainiacjoe_overflow_alcove_4
D:6:      layout_gridville, chequers_serial_rivers_micro_c
D:7:      layout_basic, jmf_multi_god_temple2,
          minmay_temple_entry_drinking_statues

Skill      XL: |  1  2  3  4  5  6  7  8  9 |
---------------+----------------------------+-----
Long Blades    | 4 5 6 7 8 10 | 10.8
Armour         | 1 2 3 4 5 6 7 |  7.1
Fighting       | 4 5 6 7 8 |  8.2
Bows           | 1 |  1.6
Dodging        | |  3.2
Stealth        | |  1.5

Action                   |  1- 3 |  4- 6 |  7- 9 || total
-------------------------+-------+-------+-------++-------
Melee: Falchion          |    83 |    57 |   226 ||   366
       Headbutt          |    12 |    11 |    54 ||    77
  Use: Scroll            |     3 |       |    16 ||    19
       Potion            |       |       |     6 ||     6
 Stab: Sleeping          |     4 |     1 |       ||     5
       Distracted        |       |     1 |       ||     1
Armor: Robe              |    14 |     5 |       ||    19
       Plate armour      |       |       |   128 ||   128
Dodge: Dodged            |    56 |    36 |    60 ||   152
       Rpst.: Falchion   |    10 |    13 |    16 ||    39
